 Dungeon Crawl Stone Soup version 0.20-a0-910-gb611367 (webtiles) character file.

506 LORDOFBUTT the Chopper (level 6, -3/51 HPs)
             Began as a Minotaur Berserker on Mar 23, 2017.
             Was a Priest of Trog.
             Slain by a worker ant (5 damage)
             ... on level 5 of the Dungeon.
             The game lasted 00:03:25 (2241 turns).

LORDOFBUTT the Chopper (Minotaur Berserker)         Turns: 2241, Time: 00:03:25

Health: -3/51      AC:  7    Str: 21    XL:     6   Next: 97%
Magic:  5/5        EV: 13    Int:  4    God:    Trog [***...]
Gold:   169        SH:  0    Dex: 12    Spells: 5/5 levels left

rFire    . . .     SeeInvis .   s - +0 hand axe (curse)
rCold    . . .     Gourm    .   r - +1 scale mail (curse)
rNeg     . . .     Faith    .   (no shield)
rPois    .         Spirit   .   (helmet restricted)
rElec    .         Reflect  .   (no cloak)
rCorr    .         Harm     .   (no gloves)
MR       .....                  (no boots)
Stlth    ..........             (no amulet)
Regen    0.2/turn               (no ring)
MPRegen  0.1/turn               (no ring)

@: exhausted, slowed, very slow
A: retaliatory headbutt, horns 2
a: Berserk, Trog's Hand, Burn Spellbooks, Renounce Religion


You were on level 5 of the Dungeon.
You worshipped Trog.
Trog was most pleased with you.
You were very hungry.

You visited 1 branch of the dungeon, and saw 4 of its levels.

You collected 169 gold pieces.

Inventory:

Hand Weapons
 a - a +0 hand axe
 s - a cursed +0 hand axe (weapon)
 w - a +0 vampiric hand axe
Armour
 b - a +0 animal skin
 r - a cursed +1 scale mail (worn)
Jewellery
 v - an uncursed ring of positive energy {unknown}
Wands
 k - a wand of flame (18/48)
 m - a wand of confusion (48/48)
Scrolls
 e - a scroll of teleportation
 f - 2 scrolls of magic mapping
 g - a scroll of amnesia
Potions
 d - 3 potions of curing
 i - a potion of haste {unknown}
 j - a potion of lignification {unknown}
 n - a potion of heal wounds {unknown}
 o - a potion of might {unknown}
 p - 2 potions of mutation {unknown}
 t - a potion of brilliance {unknown}
Comestibles
 c - 2 bread rations
 h - 2 meat rations
 l - a royal jelly
 q - 3 chunks of flesh
 u - a fruit


   Skills:
 - Level 3.6 Fighting
 + Level 7.0 Axes
 - Level 2.4 Armour
 + Level 6.2 Dodging


You had 5 spell levels left.
You didn't know any spells.

Dungeon Overview and Level Annotations

Branches:
Dungeon (3/15)

Altars:


Innate Abilities, Weirdness & Mutations

You reflexively headbutt those who attack you in melee.
You have a pair of horns on your head.


Message History

You are exhausted.
You feel yourself slow down. The worker ant closely misses you.
You furiously retaliate!
You headbutt the worker ant. You closely miss the worker ant.
Your headbutt misses the worker ant.
The worker ant is lightly wounded.
The worker ant bites you.
* * * LOW HITPOINT WARNING * * *
The worker ant bites you.
* * * LOW HITPOINT WARNING * * *
Your scale mail prevents you from hitting the worker ant.
You headbutt the worker ant.
The worker ant is moderately wounded.
The worker ant bites you.
* * * LOW HITPOINT WARNING * * *
You barely miss the worker ant.
The worker ant is moderately wounded.
The worker ant bites you.
* * * LOW HITPOINT WARNING * * *
The worker ant bites you.
You die...

.....)..#######
...............#
...............#
...........)...#
...............#
............)..#
.#.......)$....#
...............#
#.#..a@......##
#.....####.#
#........ ...
#...###..###
.### ... ...# #.
..#.# # ..#.# ..
..


You could see a worker ant.

Vanquished Creatures
  2 ogres (D:5)
  The ghost of CanOfBees the Skirmisher, a weakling MiFi (D:3)
  2 orc priests (D:3)
  2 orc wizards (D:3)
  Ijyb (D:3)
  4 gnolls (D:3)
  3 adders (D:2)
  2 oozes (D:2)
  A worm (D:2)
  2 dart slugs
  2 leopard geckos
  13 orcs (D:3)
  2 giant cockroaches
  5 goblins
  7 hobgoblins
  8 kobolds
  A quokka (D:2)
  9 bats
  3 frilled lizards
  9 rats
79 creatures vanquished.

Notes
Turn   | Place    | Note
-------+----------+-------------------------------------------
     0 | D:1      | LORDOFBUTT the Minotaur Berserker began the quest for the Orb.
     0 | D:1      | Reached XP level 1. HP: 19/19 MP: 0/0
    95 | D:1      | Reached XP level 2. HP: 25/26 MP: 1/1
   147 | D:1      | Reached skill level 4 in Axes
   739 | D:2      | Reached ** piety under Trog
   815 | D:2      | Reached XP level 3. HP: 19/31 MP: 2/2
  1100 | D:2      | Reached XP level 4. HP: 35/39 MP: 3/3
  1282 | D:3      | Reached skill level 5 in Axes
  1399 | D:3      | Noticed Ijyb
  1411 | D:3      | Killed Ijyb
  1411 | D:3      | Reached XP level 5. HP: 36/45 MP: 4/4
  1548 | D:3      | Noticed CanOfBees's ghost (weakling MiFi)
  1557 | D:3      | Killed CanOfBees's ghost
  1566 | D:3      | Reached skill level 5 in Dodging
  1583 | D:3      | Reached skill level 6 in Axes
  1585 | D:3      | Reached XP level 6. HP: 6/51 MP: 5/5
  2009 | D:3      | Reached *** piety under Trog
  2225 | D:3      | You fall through a shaft for 2 floors!
  2225 | D:5      | Entered Level 5 of the Dungeon
  2235 | D:5      | Reached skill level 7 in Axes
  2241 | D:5      | HP: 2/51 [worker ant (2)]
  2241 | D:5      | Slain by a worker ant

Vault maps used:
D:1:      evilmike_arrival_rings
D:2:      first_bread
D:3:      eino_curves_02, uniq_iyjb
D:5:      nicolae_qazlal_eye_of_the_storm

Skill      XL: |  1  2  3  4  5  6 |
---------------+-------------------+-----
Axes           | 4 5 6 7 |  7.0
Dodging        | 3 4 5 6 |  6.2
Fighting       | |  3.6
Armour         | |  2.4

Action                   |  1- 3 |  4- 6 || total
-------------------------+-------+-------++-------
Melee: Hand axe          |    70 |   100 ||   170
       Headbutt          |    10 |    17 ||    27
Invok: Berserk           |       |     4 ||     4
  Use: Potion            |     1 |     1 ||     2
       Scroll            |     7 |     1 ||     8
  Eat: Chunk             |       |     7 ||     7
Armor: Animal skin       |    15 |       ||    15
       Scale mail        |     6 |    36 ||    42
Dodge: Dodged            |    51 |    46 ||    97
